 Dungeon Crawl Stone Soup version 0.17-a0-2208-ge5ab1d3 (webtiles) character file.

17 concernedbohemian the Chiller (level 2, -3/15 HPs)
             Began as a Kobold Ice Elementalist on Oct 26, 2015.
             Killed from afar by Sigmund (9 damage)
             ... with a magic dart
             ... on level 2 of the Dungeon.
             The game lasted 00:08:03 (1164 turns).

concernedbohemian the Chiller (KoIE)                Turns: 1164, Time: 00:08:03

Health: -3/15      AC:  5    Str:  6    XL:     2   Next: 80%
Magic:  5/5        EV: 16    Int: 13    God:
Gold:   113        SH:  0    Dex: 16    Spells: 2 memorised, 2 levels left

rFire  . . .     SeeInvis .     g - +1 dagger
rCold  . . .     Clarity  .     a - +2 robe
rNeg   . . .     SustAt   .     (shield restricted)
rPois  .         Gourm    .     (no helmet)
rElec  .         Spirit   .     (no cloak)
rCorr  .         Warding  .     j - +0 pair of gloves
rMut   .         Stasis   .     (no boots)
MR     .....                    (no amulet)
Stlth  ++........               (no ring)
                                (no ring)

@: not resistant to hostile enchantments, unstealthy
A: carnivore 3
a: no special abilities


You were on level 2 of the Dungeon.
You were full.

You visited 1 branch of the dungeon, and saw 2 of its levels.

You collected 113 gold pieces.

Inventory:

Hand Weapons
 g - a +1 dagger (weapon)
 i - a +0 spear
Missiles
 f - 15 arrows
 k - 40 stones (quivered)
Armour
 a - a +2 robe (worn)
 j - a +0 pair of gloves (worn)
Scrolls
 l - 2 scrolls of remove curse
 m - a scroll of random uselessness {unknown}
Potions
 e - a potion of curing
Books
 b - a book of Frost

   Spells                             Type                      Level
   a - Freeze                         Ice                          1
   b - Throw Frost                    Conjuration/Ice              2
   c - Ozocubu's Armour               Charms/Ice                   3
   d - Throw Icicle                   Conjuration/Ice              4
   e - Summon Ice Beast               Ice/Summoning                4
   f - Condensation Shield            Ice                          4
Comestibles
 c - 2 meat rations
 d - a royal jelly
 h - 3 bread rations


   Skills:
 + Level 3.0 Dodging
 + Level 2.6 Stealth
 + Level 2.2 Spellcasting
 + Level 0.8 Conjurations
 + Level 3.3 Ice Magic


You had 2 spell levels left.
You knew the following spells:

 Your Spells              Type           Power        Failure   Level  Hunger
a - Freeze                Ice            ##..         10%         1    ##.....
b - Throw Frost           Conj/Ice       #.....       17%         2    ###....


Dungeon Overview and Level Annotations

Branches:
Dungeon (2/15)

Altars:

Annotations:
D:2 Sigmund


Innate Abilities, Weirdness & Mutations

You are small and have problems with some larger weapons.
You are carnivorous and can eat meat at any time.


Message History

You miss something. Something hits you.
Casting: Freeze
Confirm with . or Enter, or press ? or * to list all spells.
You can't see any susceptible monsters within range! (Use Z to cast anyway.)
Casting: Freeze
Confirm with . or Enter, or press ? or * to list all spells.
You don't know that spell.
Casting: Freeze
Confirm with . or Enter, or press ? or * to list all spells.
You can't see any susceptible monsters within range! (Use Z to cast anyway.)
You hit something. Something barely misses you.
Casting: Freeze
Confirm with . or Enter, or press ? or * to list all spells.
You can't see any susceptible monsters within range! (Use Z to cast anyway.)
You hear some strange, mumbled words.
A magic dart appears from out of thin air!
The magic dart hits you!
Ouch! That really hurt!
You die...

#######.####.#.###...# #.#
.............#.# ##### #.###
#######.######.# #.##. #.#
#.# #####.##.
######.######.#####........
......>.....##..............
#####.#####.########.###....
#. #.# #.# #.... # #@# #.#
#.... #{# #.# ###<. #.# #.#
#.. #.# #.# ##. #.# #.# ##.
#.# #.# ###.# #.. #.>.. ###
###..## #...<#


There were no monsters in sight!

Vanquished Creatures
  A bat (D:1)
  4 goblins (D:1)
  2 hobgoblins (D:1)
  2 kobolds (D:1)
  3 giant newts (D:1)
  4 rats
16 creatures vanquished.

Notes
Turn   | Place    | Note
--------------------------------------------------------------
     0 | D:1      | concernedbohemian the Kobold Ice Elementalist began the quest for the Orb.
     0 | D:1      | Reached XP level 1. HP: 10/10 MP: 3/3
   179 | D:1      | Reached XP level 2. HP: 3/15 MP: 1/5
   528 | D:1      | Learned a level 2 spell: Throw Frost
  1151 | D:2      | Noticed Sigmund
  1164 | D:2      | Killed from afar by Sigmund

Vault maps used:
D:1:      grunt_arrival_crossed_arrows
D:2:      supply_closet_lemuel, okawaru_gym_becter, uniq_iyjb, uniq_sigmund

Action                   || total
-------------------------++-------
Melee: Unarmed           ||     4
       Dagger            ||    40
 Cast: Freeze            ||    14
       Throw Frost       ||     5
  Use: Potion            ||     2
       Scroll            ||     4
 Stab: Sleeping          ||     1
  Eat: Chunk             ||     6
